 Dungeon Crawl Stone Soup version 0.28.0-45-g0d030f2227 (webtiles) character file.

Game seed: 11403537116060330445

107 Ablot the Cutter (level 4, -3/38 (41) HPs)
             Began as a Gnoll Chaos Knight on Apr 13, 2022.
             Was a Plaything of Xom.
             Splashed by a jelly's acid (7 damage)
             ... on level 2 of the Dungeon.
             The game lasted 00:02:19 (1594 turns).

Ablot the Cutter (Gnoll Chaos Knight)               Turns: 1594, Time: 00:02:21

HP:   -3/38 (41)    AC:  6    Str: 13    XL:     4   Next: 86%
MP:   5/5           EV: 12    Int: 12    God:    Xom [*.....]
Gold: 146           SH:  0    Dex: 11    Spells: 5/5 levels left

rFire   . . .      SeeInvis +   a - +0 short sword (chaos)
rCold   . . .      Faith    .   (no shield)
rNeg    . . .      Spirit   .   b - +2 leather armour
rPois   +          Reflect  .   (no helmet)
rElec   .          Harm     .   f - +0 cloak
rCorr   .          Rampage  .   (no gloves)
Will    .....                   (no boots)
Stlth   +.........              (no amulet)
HPRegen 0.12/turn               n - ring of see invisible
MPRegen 0.09/turn               (no ring)

@: drained
A: fangs 1, strong nose, distributed training, poison resistance
a: Renounce Religion


You were on level 2 of the Dungeon.
You worshipped Xom.
You were a special plaything of Xom.
You visited 1 branch of the dungeon, and saw 2 of its levels.

You collected 146 gold pieces.

Inventory:

Hand Weapons
 a - a +0 short sword of chaos (weapon)
Missiles
 e - 34 stones (quivered)
 h - 11 arrows
Armour
 b - a +2 leather armour (worn)
 f - a +0 cloak (worn)
Jewellery
 n - a ring of see invisible (left hand)
Scrolls
 d - 5 scrolls of identify {unknown}
 i - a scroll of noise {unknown}
 j - a scroll of fog {unknown}
 m - a scroll of enchant weapon {unknown}
Potions
 c - a potion of cancellation {unknown}
 g - a potion of might {unknown}
 k - 2 potions of heal wounds {unknown}
 l - a potion of curing {unknown}


   Skills:
 + Level 6.6 Fighting
 + Level 6.6 Short Blades
 + Level 1.2 Long Blades
 + Level 1.2 Axes
 + Level 1.2 Maces & Flails
 + Level 1.2 Polearms
 + Level 1.2 Staves
 + Level 1.2 Slings
 + Level 1.2 Bows
 + Level 1.2 Crossbows
 + Level 1.2 Throwing
 + Level 4.7 Armour
 + Level 2.8 Dodging
 + Level 1.2 Stealth
 + Level 1.2 Shields
 + Level 1.2 Unarmed Combat
 + Level 1.2 Spellcasting
 + Level 1.0 Conjurations
 + Level 1.0 Hexes
 + Level 1.0 Summonings
 + Level 1.0 Necromancy
 + Level 1.0 Translocations
 + Level 1.0 Transmutations
 + Level 1.0 Fire Magic
 + Level 1.0 Ice Magic
 + Level 1.0 Air Magic
 + Level 1.0 Earth Magic
 + Level 1.0 Poison Magic
 + Level 1.4 Invocations
 + Level 1.2 Evocations


You had 5 spell levels left.
You didn't know any spells.
Your spell library was empty.

Dungeon Overview and Level Annotations

Branches:
Dungeon (2/15)

Altars:


Innate Abilities, Weirdness & Mutations

You have very sharp teeth.
Your uncanny sense of smell can sniff out nearby items.
Your experience applies equally to all skills.
Your system is resistant to poisons. (rPois)


Message History

You kill the jelly!
Your Conjurations skill increases to level 1!
Your Hexes skill increases to level 1!
Your Summonings skill increases to level 1!
Your Necromancy skill increases to level 1!
Your Translocations skill increases to level 1!
Your Transmutations skill increases to level 1!
Your Fire Magic skill increases to level 1!
Your Ice Magic skill increases to level 1!
Your Air Magic skill increases to level 1!
Your Earth Magic skill increases to level 1!
Your Poison Magic skill increases to level 1!
You hit the endoplasm.
The endoplasm is moderately wounded.
The endoplasm barely misses you.
You hit the endoplasm. You burn the endoplasm.
You kill the endoplasm!
There is an open door here.
e - 34 stones (gained 2)
e - 35 stones (gained 1)
Things that are here:
a +0 whip; a kobold corpse
There is an open door here.
The endoplasm quivers.
You hear Xom's avuncular chuckle.
The endoplasm suddenly seems more resistant.
Throw: 35 stones
Press: ? - help, Q - select action Shift-Dir - straight line, f - endoplasm
Aim: an endoplasm (unusually resistant, 86% to hit)
You throw a stone. The stone hits the endoplasm.
The endoplasm is moderately wounded.
Unknown command.
You puncture the jelly!
The jelly is moving more slowly.
Your hands burn!
* * * LOW HITPOINT WARNING * * *
The jelly is heavily wounded.
The jelly hits you.
* * * LOW HITPOINT WARNING * * *
You are splashed with acid!
You die...
Xom bursts into laughter!

########### #....)....##
####### #######....#
#......#############..# #
#...P.(J##......####..###
#.÷...÷#@#.......##......
#.÷P.PJ#.#........'...##.
#÷÷.JJ.#)#........')..#..
#P.P...#.#'#......'..)...
#..÷...#.#.#.....##..))))
#......#.#.#....####..)..
#?.....##.##########.....
### #....... #..##....


You could see a jelly (petrifying).

Vanquished Creatures
  A jelly (D:2)
  2 adders (D:2)
  A worm (D:2)
  2 dart slugs
  4 ball pythons
  2 bats
  10 endoplasms
  A giant cockroach (D:1)
  5 goblins (D:1)
  4 hobgoblins
  A frilled lizard (D:1)
  9 kobolds
  7 rats
49 creatures vanquished.

Vanquished Creatures (others)
  3 fungi (D:2)
  8 toadstools (D:2)
11 creatures vanquished.

Grand Total: 60 creatures vanquished

Notes
Turn   | Place    | Note
-------+----------+-------------------------------------------
     0 | D:1      | Ablot the Gnoll Chaos Knight began the quest for the Orb.
     0 | D:1      | Reached XP level 1. HP: 23/23 MP: 1/1
   102 | D:1      | Reached XP level 2. HP: 23/29 MP: 2/2
   231 | D:1      | XOM: silly message
   633 | D:1      | Reached XP level 3. HP: 35/35 MP: 3/3
   881 | D:2      | Reached skill level 1 in Invocations
  1182 | D:2      | Reached skill level 1 in Long Blades
  1182 | D:2      | Reached skill level 1 in Axes
  1182 | D:2      | Reached skill level 1 in Maces & Flails
  1182 | D:2      | Reached skill level 1 in Polearms
  1182 | D:2      | Reached skill level 1 in Staves
  1182 | D:2      | Reached skill level 1 in Slings
  1182 | D:2      | Reached skill level 1 in Bows
  1182 | D:2      | Reached skill level 1 in Crossbows
  1182 | D:2      | Reached skill level 1 in Throwing
  1182 | D:2      | Reached skill level 1 in Stealth
  1182 | D:2      | Reached skill level 1 in Shields
  1182 | D:2      | Reached skill level 1 in Unarmed Combat
  1182 | D:2      | Reached skill level 1 in Spellcasting
  1182 | D:2      | Reached skill level 1 in Evocations
  1190 | D:2      | Reached XP level 4. HP: 31/41 MP: 5/5
  1436 | D:2      | XOM: give mutations
  1436 | D:2      | Gained mutation: You are occasionally teleported next to
                  | monsters. [Xom's mischief]
  1436 | D:2      | Lost mutation: You are occasionally teleported next to
                  | monsters. [Xom's mischief]
  1436 | D:2      | Gained mutation: Your system is resistant to poisons.
                  | (rPois) [Xom's mischief]
  1537 | D:2      | XOM: silly message
  1548 | D:2      | XOM: draining
  1560 | D:2      | XOM: confusion
  1570 | D:2      | Reached skill level 1 in Conjurations
  1570 | D:2      | Reached skill level 1 in Hexes
  1570 | D:2      | Reached skill level 1 in Summonings
  1570 | D:2      | Reached skill level 1 in Necromancy
  1570 | D:2      | Reached skill level 1 in Translocations
  1570 | D:2      | Reached skill level 1 in Transmutations
  1570 | D:2      | Reached skill level 1 in Fire Magic
  1570 | D:2      | Reached skill level 1 in Ice Magic
  1570 | D:2      | Reached skill level 1 in Air Magic
  1570 | D:2      | Reached skill level 1 in Earth Magic
  1570 | D:2      | Reached skill level 1 in Poison Magic
  1592 | D:2      | XOM: enchant monster (bad)
  1594 | D:2      | Splashed by a jelly's acid

Illustrated notes

Levels and vault maps discovered:
D:1:      dpeg_arrival_boxes_within_box, layout_basic
D:2:      cheibrodos_fertilizer, layout_rooms

Skill      XL: |  1  2  3  4 |
---------------+-------------+-----
Invocations    | 1 |  1.4
Long Blades    | 1 |  1.2
Axes           | 1 |  1.2
Maces & Flails | 1 |  1.2
Polearms       | 1 |  1.2
Staves         | 1 |  1.2
Slings         | 1 |  1.2
Bows           | 1 |  1.2
Crossbows      | 1 |  1.2
Throwing       | 1 |  1.2
Stealth        | 1 |  1.2
Shields        | 1 |  1.2
Unarmed Combat | 1 |  1.2
Spellcasting   | 1 |  1.2
Evocations     | 1 |  1.2
Conjurations   | 1 |  1.0
Hexes          | 1 |  1.0
Summonings     | 1 |  1.0
Necromancy     | 1 |  1.0
Translocations | 1 |  1.0
Transmutations | 1 |  1.0
Fire Magic     | 1 |  1.0
Ice Magic      | 1 |  1.0
Air Magic      | 1 |  1.0
Earth Magic    | 1 |  1.0
Poison Magic   | 1 |  1.0
Fighting       | |  6.6
Short Blades   | |  6.6
Armour         | |  4.7
Dodging        | |  2.8

Action                   |  1- 3 |  4- 6 || total
-------------------------+-------+-------++-------
Melee: Short sword       |   114 |    44 ||   158
       Bite              |    10 |     6 ||    16
       Punch             |     2 |       ||     2
Throw: Stone             |       |     5 ||     5
 Stab: Sleeping          |     2 |       ||     2
       Paralysed         |       |     1 ||     1
Armor: Leather armour    |    35 |     6 ||    41
Dodge: Dodged            |    67 |    17 ||    84
